Map: Curious Minds LE

Players

DRG

  • Race: Zerg Zerg

MaxPax - Winner!

  • Race: Protoss Protoss

Event: DreamHack SC2 Masters Last Chance 2022

VOD

Have the link to the VOD?

Description

Time

  • Played on: Dec. 19, 2021, 8:32 p.m.
  • Length: 7:20

All games in this series

Show
View Real Time Build Order
Export as new Build Order

DRG Zerg 

Build Orders: Hatch First 

Get SALT Encoding   

  12  0:00  Drone  
  13  0:12  Overlord  
  13  0:17  Drone  
  14  0:30  Drone x2  
  14  0:34  Drone  
  17  0:52  Hatchery  
  17  0:54  Drone  
  17  0:57  Drone  
  18  1:09  Extractor  
  17  1:13  Spawning Pool  
  17  1:16  Drone  
  17  1:19  Drone  
  18  1:28  Drone  
  19  1:38  Drone  
  20  1:50  Overlord  
  20  1:59  Queen  
  22  2:04  Zergling x4, Queen  
  26  2:11  Drone  
  26  2:13  Metabolic Boost  
  26  2:14  Drone  
  28  2:22  Drone  
  29  2:26  Drone  
  30  2:32  Drone  
  31  2:43  Hatchery, Queen  
  32  2:45  Zergling x2  
  33  2:55  Overlord  
  33  2:56  Drone x2  
  34  3:02  Drone  
  35  3:09  Drone  
  35  3:12  Queen  
  35  3:14  Drone  
  35  3:15  Drone x3  
  35  3:16  Drone  
  35  3:19  Drone  
  43  3:23  Drone  
  44  3:30  Overlord  
  44  3:36  Overlord  
  44  3:44  Queen, Spore Crawler  
  44  3:45  Spore Crawler  
  44  3:50  Drone x3  
  44  3:52  Drone x3  
  44  3:53  Drone x2  
  52  3:58  Queen  
  52  4:01  Zergling x2  
  55  4:03  Drone  
  55  4:04  Drone  
  55  4:05  Drone  
  55  4:08  Drone x2  
  60  4:13  Drone  
  61  4:17  Overlord  
  61  4:19  Drone  
  61  4:21  Drone x2  
  61  4:24  Drone  
  65  4:27  Drone, Spore Crawler  
  65  4:30  Drone  
  66  4:32  Overlord  
  66  4:34  Overlord  
  66  4:42  Roach Warren  
  66  4:43  Drone, Extractor x2  
  63  4:46  Overlord  
  63  4:49  Drone  
  63  4:50  Overlord  
  63  4:52  Drone  
  64  4:57  Queen  
  66  5:01  Overlord  
  66  5:07  Overlord  
  66  5:10  Queen  
  68  5:17  Queen  
  70  5:22  Roach x6  
  70  5:24  Roach  
  70  5:28  Roach x2  
  88  5:32  Roach x3  
  93  5:38  Queen  
  94  5:44  Ravager x2  
  94  5:45  Zergling x12  
  94  5:49  Queen  
  104  5:51  Ravager  
  104  5:54  Overlord  
  105  5:59  Ravager  
  105  6:00  Overlord  
  106  6:04  Overlord  
  106  6:11  Queen  
  106  6:14  Ravager  
  106  6:15  Zergling x10  
  114  6:24  Zergling x22  
  120  6:30  Ravager x2  
  120  6:31  Zergling x8  
  126  6:38  Ravager  
  126  6:39  Zergling x8  
  124  6:40  Queen  
  124  6:44  Queen  
  118  6:55  Zergling x6  
  118  7:00  Roach  
  103  7:11  Ravager  
Show
View Real Time Build Order
Export as new Build Order

MaxPax Protoss - Winner!

Build Orders: 1 Gate Expand, Oracle Opening 

Get SALT Encoding   

  12  0:00  Probe  
  13  0:12  Probe  
  14  0:19  Pylon  
  14  0:24  Probe  
  15  0:37  Probe (Chrono Boost)  
  15  0:40  Gateway  
  16  0:48  Probe (Chrono Boost)  
  17  0:50  Assimilator  
  17  0:53  Probe (Chrono Boost)  
  18  1:04  Probe  
  19  1:16  Probe  
  20  1:27  Nexus  
  20  1:36  Cybernetics Core  
  20  1:40  Probe  
  20  1:45  Assimilator  
  21  1:52  Probe  
  22  1:55  Pylon  
  22  2:04  Probe  
  23  2:11  Adept (Chrono Boost)  
  25  2:16  Probe  
  25  2:21  Stargate  
  26  2:28  Probe  
  27  2:31  Adept (Chrono Boost)  
  29  2:37  Warp Gate  
  29  2:39  Probe  
  29  2:40  Probe  
  31  2:51  Probe  
  31  2:52  Probe  
  33  3:03  Probe, Oracle (Chrono Boost)  
  33  3:04  Probe  
  38  3:15  Probe  
  38  3:16  Probe  
  38  3:18  Pylon  
  40  3:22  Gateway  
  40  3:24  Void Ray (Chrono Boost)  
  40  3:28  Probe  
  40  3:29  Probe  
  46  3:40  Probe  
  46  3:41  Probe  
  48  3:52  Probe  
  48  3:53  Probe  
  50  3:57  Nexus  
  50  4:01  Pylon  
  50  4:04  Probe  
  50  4:05  Assimilator x2, Probe  
  52  4:16  Probe  
  53  4:17  Probe  
  54  4:25  Stargate  
  54  4:28  Probe, Forge  
  54  4:29  Probe  
  56  4:31  Shield Battery  
  56  4:32  Protoss Air Weapons Level 1  
  56  4:33  Void Ray (Chrono Boost)  
  56  4:40  Probe  
  56  4:41  Probe  
  62  4:55  Pylon  
  62  5:05  Robotics Facility  
  62  5:07  Void Ray (Chrono Boost)  
  62  5:08  Probe x2  
  62  5:12  Probe (Chrono Boost)  
  69  5:18  Void Ray (Chrono Boost)  
  69  5:19  Photon Cannon  
  69  5:21  Probe (Chrono Boost)  
  75  5:24  Probe (Chrono Boost)  
  75  5:25  Probe (Chrono Boost)  
  76  5:31  Pylon  
  76  5:32  Probe (Chrono Boost)  
  76  5:33  Adept, Probe (Chrono Boost)  
  76  5:34  Adept  
  83  5:35  Probe (Chrono Boost)  
  83  5:36  Probe (Chrono Boost)  
  83  5:46  Pylon  
  83  5:49  Photon Cannon, Void Ray (Chrono Boost)  
  86  5:50  Photon Cannon, Void Ray (Chrono Boost)  
  86  5:53  Shield Battery  
  90  5:59  Pylon  
  90  6:01  Shield Battery  
  90  6:04  Immortal (Chrono Boost)  
  94  6:13  Stalker x2  
  98  6:18  Shield Battery  
  98  6:20  Shield Battery  
  98  6:24  Void Ray (Chrono Boost)  
  96  6:26  Shield Battery  
  100  6:37  Void Ray (Chrono Boost)  
  100  6:41  Pylon  
  97  6:47  Probe  
  97  6:49  Stalker x2  
  99  7:03  Probe  
  100  7:15  Stalker x2  

Tags
 
Add a new tag
Caveats
  • Supply blocks, unpowered buildings, or Contaminate may cause inaccurate times.
  • Supply counts are checked every 10 seconds.